 Dungeon Crawl Stone Soup version 0.26-a0-720-g2a1d101370 (webtiles) character file.

Game seed: 733857149621922722

11277 lunkers the Impaler (level 11, -2/93 HPs)
             Began as a Merfolk Gladiator on Nov 2, 2020.
             Was a Priest of Wu Jian.
             Killed from afar by a white imp (3 damage)
             ... with a puff of frost
             ... in an ice cave.
             The game lasted 00:20:38 (13190 turns).

lunkers the Impaler (Merfolk Gladiator)            Turns: 13190, Time: 00:20:38

Health: -2/93      AC: 11    Str: 21    XL:     11   Next: 75%
Magic:  11/11      EV: 20    Int: 11    God:    Wu Jian [***...]
Gold:   527        SH:  5    Dex: 19    Spells: 10/10 levels left

rFire    . . .     SeeInvis .   a - +1 glaive (venom)
rCold    + . .     Faith    .   (shield currently unavailable)
rNeg     . . .     Spirit   .   E - +1 scale mail {rC+}
rPois    +         Reflect  +   y - +1 hat "Kiufiomp" {+Inv rPois Int-2}
rElec    .         Harm     .   h - +0 cloak
rCorr    .         Rampage  .   (no gloves)
MR       .....                  t - +1 pair of boots
Stlth    ..........             i - amulet of reflection
HPRegen  0.25/turn              C - +6 ring of intelligence
MPRegen  0.12/turn              S - +6 ring of strength

@: slowed, very slow
A: change form in water, swift swim, stealthy swim
a: Wall Jump, Serpent's Lash, Renounce Religion, Evoke Invisibility


You were in an ice cave.
You worshipped Wu Jian.
Wu Jian was most pleased with you.
You visited 2 branches of the dungeon, and saw 12 of its levels.
You also visited: Ice Cave.

You collected 766 gold pieces.
You spent 239 gold pieces at shops.

Inventory:

Hand Weapons
 a - a +1 glaive of venom (weapon)
 p - a +5 trident of protection
 A - a +0 trident
Missiles
 d - 2 throwing nets {=f}
 J - 5 curare-tipped darts {=f}
Armour
 h - a +0 cloak (worn)
 n - a +0 kite shield
 t - a +1 pair of boots (worn)
 y - the +1 hat "Kiufiomp" (worn) {+Inv rPois Int-2}
   (You found it on level 4 of the Dungeon)

   It affects your intelligence (-2).
   It protects you from poison.
   It lets you turn invisible.
 E - a +1 scale mail of cold resistance (worn)
Jewellery
 i - an amulet of reflection (around neck)
 z - an uncursed amulet of the acrobat
 C - a +6 ring of intelligence (left hand)
 K - an uncursed ring of ice
 S - a +6 ring of strength (right hand)
Wands
 b - a wand of digging (6)
 c - a wand of paralysis (20)
 D - a wand of iceblast (12)
 G - a wand of random effects (36)
Scrolls
 e - a scroll of fear
 g - a scroll of immolation
 j - 3 scrolls of remove curse
 o - a scroll of amnesia
 s - a scroll of magic mapping
 u - a scroll of blinking
 v - 2 scrolls of enchant weapon
 w - a scroll of enchant armour
 H - a scroll of fog
Potions
 f - 4 potions of heal wounds
 k - 2 potions of resistance
 l - a potion of stabbing
 m - 5 potions of curing
 q - 2 potions of haste
 r - a potion of might
 B - a potion of lignification {unknown}
 F - 2 potions of brilliance
 N - a potion of experience {unknown}
 O - a potion of invisibility {unknown}
 T - a potion of degeneration {unknown}


   Skills:
 + Level 11.4 Fighting
 * Level 15.0 Polearms
 - Level 2.0 Throwing
 + Level 13.7 Dodging


You had 10 spell levels left.
You didn't know any spells.
Your spell library was empty.

Dungeon Overview and Level Annotations

Branches:
Dungeon (11/15)            Temple (1/1) D:7            Lair (0/6) D:9
    Orc (0/2) D:10          IceCv (1/1)

Altars:
Ashenzari
Cheibriados
Dithmenos
Elyvilon
Fedhas
Gozag
Hepliaklqana
Kikubaaqudgha
Makhleb
Nemelex Xobeh
Okawaru
Qazlal
Ru
Sif Muna
Trog
Uskayaw
Vehumet
Wu Jian
Xom
Yredelemnul
Zin
The Shining One

Shops:
D:5 (   D:6 =   D:9 (***   D:10 *

Annotations:
D:3 1 runed translucent door, Crazy Yiuf


Message History

Attack whom?
Press: ? - help, Dir - move target cursor, f - white imp
Aim: a white imp You slash the white imp!
You kill the white imp!
The Council accepts your kill.
You can now briefly move at supernatural speeds.
The white imp gestures at you. The puff of frost hits you. You resist.
* * * LOW HITPOINT WARNING * * *
Attack whom?
Press: ? - help, Dir - move target cursor, f - troll simulacrum
Aim: a troll simulacrum You reach to attack!
You barely miss the troll simulacrum. The white imp gestures at you.
The puff of frost hits you. You resist.
* * * LOW HITPOINT WARNING * * *
The white imp gestures at you. The puff of frost hits you. You resist.
You die...

##.###...##
#..###.....##..,*
#..######
##..###.......#*,* ##..##
#..###........#,,* #...##
##..# #...Z...##,,**
##...## #..##
#5.W...##**,,*
##...####.## ##......#
**,* ##...##..# ##..#...##
*,,* **##..#..####..###..#
*,,* *≈*#.....#≈#.@## #).#
**,**
*≈≈##...##≈##..###### *,,*
*≈≈*#####≈≈###5Z## **,**
*≈≈≈≈≈≈≈≈≈##.##Z.# *,,**
**≈≈≈≈≈*###Z..#..# **,,*
**≈####.#....#..#*** **,**
*##......Z#...##*,***
*,,**
#........#..##*,,,,****,,*
#8.....8######.,,,,,**,,**


You could see a freezing wraith, 2 white imps, a centaur simulacrum and 2 troll
simulacra.

Vanquished Creatures
  A boulder beetle (D:9)
  Erica (D:8)
  8 freezing wraiths (IceCv)
  A komodo dragon (D:11)
  2 trolls
  Grinder (D:5)
  A hornet (D:10)
  A wyvern (D:7)
  A vampire (D:9)
  Sigmund (D:5)
  Edmund (D:6)
  A death yak simulacrum (IceCv)
  A warg (D:10)
  Duvessa (D:6)
  10 orc warriors
  A hornet zombie (D:6)
  2 black bears
  2 sky beasts
  A phantom (D:6)
  7 ice beasts
  2 necrophages
  2 centaurs
  4 ogres
  A big kobold (D:9)
  A wyvern zombie (D:6)
  2 bullfrogs (D:9)
  Dowan (D:6)
  5 killer bees (D:10)
  15 wights
  A howler monkey (D:6)
  2 quasits
  A bullfrog zombie (D:8)
  A centaur skeleton (D:4)
  2 draconian simulacra (IceCv)
  5 jellies
  9 hounds
  5 orc priests
  4 bullfrog skeletons
  9 orc wizards
  3 iguanas
  2 troll simulacra (IceCv)
  7 worker ants
  2 polar bear simulacra (IceCv)
  A wolf simulacrum (IceCv)
  A hound zombie (D:7)
  A hound skeleton (D:6)
  A howler monkey zombie (D:8)
  7 adders
  2 shadow imps (D:5)
  25 white imps
  An ufetubus (D:6)
  2 oozes
  A worm (D:2)
  4 dart slugs
  7 leopard geckos
  34 orcs
  3 ball pythons
  6 giant cockroaches
  16 goblins
  2 hobgoblins
  11 jackals
  6 quokkas
  9 bats
  9 frilled lizards
  3 goblin zombies (D:4)
  3 hobgoblin zombies (D:4)
  9 kobolds
  4 kobold zombies (D:4)
  A leopard gecko skeleton (D:6)
  2 orc skeletons (D:4)
  An orc zombie (D:4)
  6 rats
309 creatures vanquished.

Vanquished Creatures (others)
  An adder (D:6)
  13 fungi (D:9)
  26 plants
40 creatures vanquished.

Grand Total: 349 creatures vanquished

Notes
Turn   | Place    | Note
-------+----------+-------------------------------------------
     0 | D:1      | lunkers the Merfolk Gladiator began the quest for the Orb.
     0 | D:1      | Reached XP level 1. HP: 16/16 MP: 1/1
   403 | D:1      | Reached XP level 2. HP: 23/23 MP: 2/2
   517 | D:1      | Reached skill level 5 in Polearms
   636 | D:1      | Reached XP level 3. HP: 25/28 MP: 3/3
  1427 | D:2      | Found a broken altar of Ashenzari.
  1734 | D:2      | Reached XP level 4. HP: 34/34 MP: 4/4
  1737 | D:2      | Noticed a fire elemental
  1738 | D:2      | Found a stormy altar of Qazlal.
  1739 | D:2      | Noticed an air elemental
  1740 | D:2      | Noticed a water elemental
  1740 | D:2      | Noticed an earth elemental
  1836 | D:2      | Found a shimmering blue altar of Sif Muna.
  1994 | D:2      | Reached skill level 6 in Polearms
  2535 | D:3      | Reached skill level 5 in Dodging
  2615 | D:3      | Reached XP level 5. HP: 41/41 MP: 5/5
  2880 | D:3      | Reached skill level 7 in Polearms
  3146 | D:3      | Found a runed translucent door.
  3147 | D:3      | Noticed Crazy Yiuf
  3457 | D:4      | Reached XP level 6. HP: 39/48 MP: 6/6
  3525 | D:4      | Found an iron altar of Okawaru.
  3707 | D:4      | Found a glowing golden altar of the Shining One.
  3888 | D:4      | Got a dazzling hat
  3899 | D:4      | Identified the +1 hat "Kiufiomp" {+Inv rPois Int-2} (You
                  | found it on level 4 of the Dungeon)
  4408 | D:5      | Entered Level 5 of the Dungeon
  4528 | D:5      | Noticed Sigmund
  4545 | D:5      | Killed Sigmund
  4545 | D:5      | Reached skill level 8 in Polearms
  4545 | D:5      | Reached XP level 7. HP: 51/55 MP: 7/7
  4690 | D:5      | Reached skill level 9 in Polearms
  4895 | D:5      | Noticed Grinder
  4918 | D:5      | Killed Grinder
  4918 | D:5      | Reached skill level 5 in Fighting
  4918 | D:5      | Reached skill level 10 in Polearms
  4918 | D:5      | Reached XP level 8. HP: 45/62 MP: 8/8
  5181 | D:5      | Found Onuuh's Antique Weapon Shop.
  5187 | D:5      | Bought a runed trident for 143 gold pieces
  5548 | D:6      | Found Fiuxy's Jewellery Shop.
  5760 | D:6      | Reached skill level 11 in Polearms
  6168 | D:6      | Noticed Edmund
  6181 | D:6      | Killed Edmund
  6345 | D:6      | Found a shimmering altar of Xom.
  6367 | D:6      | Reached XP level 9. HP: 71/71 MP: 9/9
  6442 | D:6      | Reached skill level 12 in Polearms
  6682 | D:6      | Found a sacrificial altar of Ru.
  6682 | D:6      | Found a blossoming altar of Fedhas.
  6918 | D:7      | Noticed Duvessa
  6918 | D:7      | Noticed Dowan
  6946 | D:6      | Killed Duvessa
  6951 | D:6      | Killed Dowan
  7033 | D:7      | Reached skill level 13 in Polearms
  7053 | D:7      | Found a hazy altar of Hepliaklqana.
  7552 | D:7      | Reached XP level 10. HP: 78/80 MP: 10/10
  7664 | D:7      | Found a staircase to the Ecumenical Temple.
  7678 | Temple   | Entered the Ecumenical Temple
  7874 | Temple   | Became a worshipper of the Wu Jian Council
  8003 | D:8      | Noticed Erica
  8140 | D:8      | Killed Erica
  8140 | D:8      | Reached skill level 14 in Polearms
  8140 | D:8      | Reached skill level 10 in Dodging
  8936 | D:9      | Found Ilatu's General Store.
  9635 | D:9      | Found Soganujo's General Store.
  9643 | D:9      | Reached * piety under Wu Jian
  9721 | D:9      | Found a staircase to the Lair.
  9769 | D:9      | Noticed a boulder beetle
 10081 | D:9      | Found Nicse's Assorted Antiques.
 10089 | D:9      | Bought a scroll labeled FUCHUK UDA for 24 gold pieces
 10089 | D:9      | Bought a scroll labeled VOTACWEBUPH for 24 gold pieces
 10089 | D:9      | Bought a scroll labeled BEMEVO GUN JITU for 24 gold pieces
 10089 | D:9      | Bought a scroll labeled WIEKHE CETOMIO for 24 gold pieces
 10260 | D:9      | Found Ywkophu's Weapon Emporium.
 10364 | D:9      | Killed a boulder beetle
 10364 | D:9      | Reached skill level 10 in Fighting
 10602 | D:10     | Entered Level 10 of the Dungeon
 10615 | D:10     | Found Conifaq's Lightly-Used Armoury.
 10680 | D:10     | Reached XP level 11. HP: 76/91 MP: 11/11
 10944 | D:10     | Found a staircase to the Orcish Mines.
 11192 | D:10     | Found a bloodstained altar of Trog.
 11831 | D:11     | Acquired a +1 glaive of venom
 11986 | D:11     | Found a frozen archway.
 11987 | D:11     | Reached ** piety under Wu Jian
 12028 | IceCv    | Entered an ice cave
 13136 | IceCv    | Found an ancient bone altar of Kikubaaqudgha.
 13148 | IceCv    | Reached skill level 15 in Polearms
 13189 | IceCv    | Reached *** piety under Wu Jian
 13189 | IceCv    | HP: 3/93 [white imp/puff of frost (2)]
 13190 | IceCv    | HP: 1/93 [white imp/puff of frost (2)]
 13190 | IceCv    | Killed from afar by a white imp

Illustrated notes

Levels and vault maps discovered:
D:1:      dpeg_cavernosity, layout_basic
D:2:      layout_loops_corners, overflow_temple_1_default, lemuel_round_altar,
          nicolae_qazlal_style_of_elements
D:3:      layout_rooms, uniq_crazy_yiuf_cottage
D:4:      layout_basic, kennysheep_okawaru_gauntlet, st_stairs_6,
          nicolae_tso_besieged_by_evil
D:5:      layout_gridville, serial_shops, shop_fountains, uniq_sigmund,
          uniq_grinder
D:6:      layout_gridville, gammafunk_temple_overflow_elements,
          xom_confusion_cloud, serial_shops, shop, uniq_edmund
D:7:      layout_loops_cross, marbit_many_paths,
          minmay_temple_entry_gardened_gates, uniq_duvessa
D:8:      layout_gridville, hex_tiny, uniq_erica
D:9:      layout_small_grid, grunt_lair_entry_orc_guard_hut, serial_shops, shop,
          kennysheep_mini_moat, nicolae_shop_stone, shop
D:10:     layout_irregular_city, david_orc_3, grunt_ministairs_3,
          minmay_shop_damaged, bloody_trog
D:11:     layout_small_grid, portal_ice_cave_entry_imps, serial_bayou_pond_d
Temple:   regret_index_temple_generic_petals
IceCv:    ice_cave_small_necro

Skill      XL: |  1  2  3  4  5  6  7  8  9 10 11 |
---------------+----------------------------------+-----
Polearms       | 5 6 7 8 10 11 13 14 15 | 15.0
Fighting       | 3 4 5 6 7 10 11 | 11.4
Dodging        | 5 6 7 8 9 12 13 | 13.7
Throwing       | |  2.0

Action                   |  1- 3 |  4- 6 |  7- 9 | 10-12 || total
-------------------------+-------+-------+-------+-------++-------
Melee: Trident           |   108 |   262 |   354 |   399 ||  1123
       Glaive            |       |       |       |   146 ||   146
Throw: Dart              |       |    13 |    13 |       ||    26
       Throwing net      |       |       |     1 |       ||     1
Invok: Lunge             |       |       |       |     7 ||     7
       Whirlwind         |       |       |       |    14 ||    14
Evoke: Wand              |       |       |       |     9 ||     9
  Use: Scroll            |       |     6 |       |    18 ||    24
       Potion            |       |       |       |     4 ||     4
 Stab: Sleeping          |     4 |       |       |       ||     4
       Distracted        |     1 |       |       |       ||     1
       Held in net/web   |       |       |     1 |       ||     1
Armor: Leather armour    |    22 |     9 |       |       ||    31
       Ring mail         |       |    49 |    21 |       ||    70
       Scale mail        |       |       |    33 |   118 ||   151
Dodge: Dodged            |    46 |   109 |   101 |   339 ||   595
Block: Other             |       |    25 |       |    46 ||    71
       Buckler           |       |    31 |    82 |   115 ||   228
       Reflection        |       |     1 |     2 |     8 ||    11

Table legend: (Time is in decaauts)
 A = Elapsed time spent in this place.
 B = Non-inter-level travel time spent in this place.
 C = Inter-level travel time spent in this place.
 D = Time resting spent in this place.
 E = Time spent auto-exploring this place.
 F = Levels seen in this place.
 G = Mean time per level.
                   A        B        C        D        E       F      G
               +--------+--------+--------+--------+--------+-----+--------+
         Total |  12959 |  12505 |    454 |    952 |   9313 |  13 |  996.8 |
       Dungeon |  11560 |  11142 |    418 |    456 |   8632 |  11 | 1050.9 |
        Temple |    221 |    185 |     36 |      0 |    184 |   1 |  221.0 |
      Ice Cave |   1177 |   1177 |      0 |    496 |    497 |   1 | 1177.0 |
               +--------+--------+--------+--------+--------+-----+--------+

Top non-repeatable levels by time:
     D:9: 1600 daAuts
     D:6: 1492 daAuts
     D:1: 1273 daAuts
   IceCv: 1177 daAuts
     D:2: 1131 daAuts
     D:4: 999 daAuts
     D:5: 991 daAuts
     D:3: 991 daAuts
     D:8: 878 daAuts
    D:10: 856 daAuts
     D:7: 836 daAuts
    D:11: 509 daAuts
  Temple: 221 daAuts
